 Dungeon Crawl Stone Soup version 0.31-a0-702-gf82c85558f (webtiles) character file.

Game seed: 11396154098376665211

2314 qw the Skirmisher (level 9, -4/57 HPs)
             Began as a Gargoyle Hunter on Sept 8, 2023.
             Was a Believer of Okawaru.
             Shot with an arrow by a centaur (9 damage)
             ... on level 6 of the Dungeon.
             The game lasted 00:02:05 (6464 turns).

qw the Skirmisher (Gargoyle Hunter)                 Turns: 6464, Time: 00:02:06

Health: -4/57      AC: 14    Str: 15    XL:     9   Next: 41%
Magic:  12/12      EV: 11    Int: 10    God:    Okawaru [**....]
Gold:   419        SH:  5    Dex: 17    Spells: 8/8 levels left

rFire   . . .        Y - +3 longbow (freeze)
rCold   . . .        (shield currently unavailable)
rNeg    + . .        d - +0 ring mail
rPois   inf          e - +0 helmet
rElec   +            (no cloak)
rCorr   .            a - +0 pair of gloves
SInv    .            (no boots)
Will    .....        l - amulet of reflection
Stlth   +            (no ring)
HPRegen 0.29/turn    (no ring)
MPRegen 0.13/turn

%: reflection
@: no status effects
A: sickness immunity, AC +6, negative energy resistance 1, electricity
resistance, torment resistance 1, petrification resistance
a: Renounce Religion, Heroism


You were on level 6 of the Dungeon.
You worshipped Okawaru.
Okawaru was pleased with you.
You visited 2 branches of the dungeon, and saw 7 of its levels.

You collected 419 gold pieces.


Innate Abilities, Weirdness & Mutations

You are immune to sickness and miasma.
Your stone body is resilient. (AC +6)
You are immune to poison.
You resist negative energy. (rN+)
You are resistant to electric shocks. (rElec)
You are resistant to unholy torment.
You are immune to petrification.


   Skills:
 - Level 7.0 Fighting
 - Level 10.3 Ranged Weapons
 + Level 2.0 Armour
 - Level 2.3 Dodging
 - Level 1.1 Stealth
 - Level 4.1 Invocations


You had 8 spell levels left.
You didn't know any spells.
Your spell library was empty.

Inventory:

Hand Weapons
 Y - a +3 longbow of freezing (weapon)
Armour
 a - a +0 pair of gloves (worn)
 d - a +0 ring mail (worn)
 e - a +0 helmet (worn)
 m - a +0 pair of boots
Jewellery
 l - an amulet of reflection (around neck)
Scrolls
 g - a scroll of identify
Potions
 b - 2 potions of haste
 c - a potion of heal wounds
 f - a potion of resistance
 h - a potion of might {unknown}
 i - a potion of mutation {unknown}
 j - 2 potions of curing
 k - a potion of enlightenment {unknown}

Dungeon Overview and Level Annotations

Branches:
Dungeon (6/15)             Temple (1/1) D:4

Altars:
Dithmenos
Gozag
Hepliaklqana
Makhleb
Nemelex Xobeh
Okawaru
Qazlal
Ru
Trog
Uskayaw
Wu Jian
The Shining One

Shops:
D:1 (

Annotations:
D:6 exclusion: 3 centaurs


Message History

Enter note:
Enter note:
Enter note:
Enter note:
Enter note:
Enter note:
Enter note:
Enter note:
6455 ||| UPGRADING to +0 pair of gloves.
The centaur shouts!
You hear a shout!
The centaur wields a +0 orcbow.
The centaur shoots an arrow.
The arrow hits you.
You start putting on your armour.
You continue putting on your +0 pair of gloves.
The centaur shoots an arrow.
The arrow hits you but does no damage.
The centaur shoots an arrow.
The arrow hits you.
You continue putting on your +0 pair of gloves.
The centaur shoots an arrow.
The arrow misses you.
You continue putting on your +0 pair of gloves.
The centaur shouts!
The centaur shoots an arrow.
The arrow hits you!
The centaur shoots an arrow.
The arrow hits you but does no damage.
You continue putting on your +0 pair of gloves.
The centaur shoots an arrow.
The arrow hits you!
The centaur shoots an arrow.
The arrow hits you.
You finish putting on your +0 pair of gloves.
6460 ||| UPGRADING to +0 pair of boots.
The centaur shoots an arrow.
The arrow hits you!
The centaur shoots an arrow.
The arrow hits you but does no damage.
You start putting on your armour.
You continue putting on your +0 pair of boots.
The centaur shoots an arrow.
The arrow misses you.
The centaur shoots an arrow.
The arrow misses you.
The centaur shoots an arrow.
The arrow closely misses you.
You continue putting on your +0 pair of boots. x2
The centaur shoots an arrow.
The arrow closely misses you.
The centaur shoots an arrow.
The arrow closely misses you.
The centaur shoots an arrow.
The arrow hits you!
You continue putting on your +0 pair of boots.
The centaur shoots an arrow.
The arrow barely misses you.
The centaur shoots an arrow.
The arrow hits you!
You die...

#.# #####.......# ##.# #
####.#####...+....####
#..# #
.........#.###....# #.##
# .......#.#..##/...#
##.# #####
####.#.#.....#....#
##..# #....
##+#.#.#..........#
###..## #.###
.....#.#.........##
#...## #.###
....##....#.####.##
#.### #....
....####..#.# #@.##..#
####.
....'.....#.#####..>.##
#.
....###.#....¤¤¤¤..~~~~#
#. ....#
#..<..###.~~~~~~~~
#######. ....#
#######~~~~~~~~~~~
~~~..... ....#
~~~~~~~~~~~~ ~~~~~~..
....#### ~~~~~~cc~~~~~
~~~~~~~. .......#
~~~~~..c)..~~~ ~~~~~~~.
######.##~~~~~..c.....
~~~~~~~.


You could see 3 centaurs.

Vanquished Creatures
  Prince Ribbit (D:5)
  A water moccasin (D:6)
  Duvessa (D:5)
  An orc warrior (D:6)
  A sky beast (D:6)
  An ogre (D:5)
  2 centaurs (D:6)
  2 phantoms
  4 kobold brigands (D:3)
  A scorpion (D:5)
  3 wights (D:5)
  Dowan (D:5)
  2 hounds
  2 jellies
  4 orc priests
  4 iguanas
  3 sleepcaps
  10 adders
  16 gnolls (D:3)
  A shadow imp (D:5)
  An ufetubus (D:3)
  A worm (D:2)
  2 dart slugs
  13 orcs
  3 bats
  5 endoplasms
  3 giant cockroaches
  4 goblins
  8 hobgoblins
  4 jackals (D:1)
  6 quokkas
  5 ball pythons
  3 frilled lizards
  41 kobolds
  2 rats (D:2)
162 creatures vanquished.

Notes
Turn   | Place    | Note
-------+----------+-------------------------------------------
     0 | D:1      | qw the Gargoyle Hunter began the quest for the Orb.
     0 | D:1      | Reached XP level 1. HP: 12/12 MP: 1/1
     0 | D:1      | 0 ||| qw: Version: 0.3-a-76-g4403597
     0 | D:1      | 0 ||| qw: Game counter: 1132
     0 | D:1      | 0 ||| qw: Melee chars always use a shield: true
     0 | D:1      | 0 ||| qw: God list: Okawaru
     0 | D:1      | 0 ||| qw: Allow faded altars: false
     0 | D:1      | 0 ||| qw: Do Orc after clearing Dungeon:15 true
     0 | D:1      | 0 ||| qw: Do second Lair branch before Depths: true
     0 | D:1      | 0 ||| qw: Lair rune preference: random
     0 | D:1      | 0 ||| qw: Goals: Normal
     0 | D:1      | 0 ||| PLANNING D:1-11
    97 | D:1      | Reached XP level 2. HP: 17/17 MP: 2/2
   186 | D:1      | Found Waagyvawn's Weapon Boutique.
   951 | D:1      | 951 ||| READING scroll labelled HEG HICIASILUM.
   952 | D:1      | 952 ||| READING scroll labelled JEELIZ JIUTIUMN.
   953 | D:1      | 953 ||| READING scroll labelled VUOVUODW FYFOT.
  1054 | D:1      | 1054 ||| READING scroll labelled KEYKKI CODDOX.
  1054 | D:1      | Identified a scroll of acquirement
  1054 | D:1      | 1054 ||| ACQUIRING +1 longbow of freezing
  1054 | D:1      | Acquired a +1 longbow of freezing
  1056 | D:1      | 1056 ||| SWAPPING to +1 longbow of freezing.
  1057 | D:1      | 1057 ||| DROPPING +0 shortbow.
  1058 | D:1      | 1058 ||| READING scroll labelled CYMMIUGR XISAE.
  1059 | D:1      | 1059 ||| DROPPING scroll of butterflies.
  1178 | D:2      | Reached skill level 5 in Ranged Weapons
  1178 | D:2      | Reached XP level 3. HP: 21/21 MP: 3/3
  1303 | D:2      | 1303 ||| STAIRDANCE
  1368 | D:2      | 1368 ||| FLEEEEING.
  1369 | D:2      | 1369 ||| FLEEEEING.
  1370 | D:2      | 1370 ||| FLEEEEING.
  1371 | D:2      | 1371 ||| STAIRDANCE
  1424 | D:2      | Reached skill level 3 in Fighting
  1455 | D:2      | Reached XP level 4. HP: 28/28 MP: 4/4
  1621 | D:2      | 1621 ||| READING scroll labelled POCAEQIDAMN.
  1637 | D:3      | 1637 ||| RETREATING.
  1638 | D:3      | 1638 ||| Stepping ~*~*~tactically~*~*~ (retreating).
  1746 | D:3      | Reached XP level 5. HP: 32/32 MP: 5/5
  1876 | D:3      | 1876 ||| Stepping ~*~*~tactically~*~*~ (outnumbered).
  1877 | D:3      | 1877 ||| Stepping ~*~*~tactically~*~*~ (outnumbered).
  1878 | D:3      | 1878 ||| Stepping ~*~*~tactically~*~*~ (outnumbered).
  1882 | D:3      | Reached skill level 6 in Ranged Weapons
  1904 | D:3      | Noticed a kobold brigand
  1904 | D:3      | Noticed a kobold brigand
  1905 | D:3      | 1905 ||| RETREATING.
  2428 | D:3      | 2428 ||| RETREATING.
  2445 | D:3      | 2445 ||| RETREATING.
  2451 | D:3      | Killed a kobold brigand
  2457 | D:3      | HP: 5/34 [kobold brigand/+0 dagger (5)]
  2458 | D:3      | Killed a kobold brigand
  2459 | D:3      | Reached XP level 6. HP: 6/39 MP: 6/6
  2653 | D:3      | 2653 ||| FLEEEEING.
  2654 | D:3      | 2654 ||| FLEEEEING.
  2655 | D:3      | 2655 ||| FLEEEEING.
  2656 | D:3      | 2656 ||| FLEEEEING.
  2657 | D:3      | 2657 ||| FLEEEEING.
  2662 | D:3      | 2662 ||| FLEEEEING.
  2751 | D:3      | 2751 ||| Stepping ~*~*~tactically~*~*~ (outnumbered).
  2752 | D:3      | 2752 ||| Stepping ~*~*~tactically~*~*~ (outnumbered).
  2753 | D:3      | 2753 ||| Stepping ~*~*~tactically~*~*~ (outnumbered).
  2760 | D:3      | Reached skill level 7 in Ranged Weapons
  2767 | D:3      | Reached XP level 7. HP: 24/44 MP: 7/7
  2842 | D:3      | 2842 ||| FLEEEEING.
  2843 | D:3      | 2843 ||| FLEEEEING.
  2926 | D:3      | 2926 ||| READING scroll of enchant weapon.
  2926 | D:3      | 2926 ||| ENCHANTING +2 longbow of freezing.
  3043 | D:3      | HP: 10/44 [kobold/+0 dagger (3)]
  3046 | D:3      | HP: 1/44 [gnoll/+0 halberd (5)]
  3467 | D:3      | 3467 ||| UPGRADING to +0 ring mail.
  3477 | D:3      | 3477 ||| DROPPING +0 leather armour.
  3478 | D:3      | 3478 ||| READING scroll labelled MEYPIPNAIMY.
  3479 | D:3      | 3479 ||| DRINKING 2 yellow potions.
  3635 | D:4      | Found a hide-covered altar of Uskayaw.
  3971 | D:4      | Reached skill level 8 in Ranged Weapons
  4022 | D:4      | Found a staircase to the Ecumenical Temple.
  4023 | D:4      | 4023 ||| PLANNING TEMPLE
  4023 | D:4      | 4023 ||| UPGRADING to +0 helmet.
  4028 | D:4      | 4028 ||| READING scroll labelled TUSUCIUDDEIN.
  4029 | D:4      | 4029 ||| READING scroll labelled POHOOT FUFIJUWN.
  4032 | D:4      | 4032 ||| READING 2 scrolls of identify.
  4032 | D:4      | 4032 ||| IDENTIFYING fizzy inky potion
  4033 | D:4      | 4033 ||| DROPPING potion of lignification.
  4153 | Temple   | Entered the Ecumenical Temple
  4154 | Temple   | 4154 ||| PLANNING OKAWARU WORSHIP
  4176 | Temple   | Became a worshipper of Warmaster Okawaru
  4177 | Temple   | 4177 ||| PLANNING D:1-11
  4521 | D:4      | You fall into a shaft and drop 2 floors!
  4594 | D:6      | 4594 ||| RETREATING.
  4596 | D:6      | 4596 ||| Stepping ~*~*~tactically~*~*~ (outnumbered).
  4634 | D:6      | Reached XP level 8. HP: 27/50 MP: 8/8
  4719 | D:5      | Entered Level 5 of the Dungeon
  4719 | D:5      | Noticed Prince Ribbit
  4729 | D:5      | Killed Prince Ribbit
  4940 | D:5      | Noticed Duvessa
  4940 | D:5      | Noticed Dowan
  4941 | D:5      | 4941 ||| STAIRDANCE
  5000 | D:5      | 5000 ||| STAIRDANCE
  5080 | D:5      | Killed Duvessa
  5080 | D:5      | Reached * piety under Okawaru
  5081 | D:5      | Reached skill level 9 in Ranged Weapons
  5083 | D:5      | 5083 ||| STAIRDANCE
  5207 | D:5      | 5207 ||| STAIRDANCE
  5222 | D:5      | 5222 ||| INVOKING Heroism.
  5223 | D:5      | 5223 ||| INVOKING Heroism.
  5224 | D:5      | 5224 ||| INVOKING Heroism.
  5225 | D:5      | 5225 ||| INVOKING Heroism.
  5227 | D:5      | Killed Dowan
  5303 | D:5      | Reached skill level 6 in Fighting
  5333 | D:5      | 5333 ||| INVOKING Heroism.
  5376 | D:5      | Reached skill level 1 in Invocations
  5419 | D:5      | Reached XP level 9. HP: 55/55 MP: 10/10
  5842 | D:5      | Reached skill level 10 in Ranged Weapons
  5884 | D:5      | 5884 ||| UPGRADING to amulet of reflection.
  5889 | D:5      | 5889 ||| READING scroll labelled WILIMIG QAXEE.
  5890 | D:5      | 5890 ||| DRINKING 2 fizzy orange potions.
  5891 | D:5      | 5891 ||| DRINKING 3 fuming golden potions.
  5892 | D:5      | 5892 ||| READING 3 scrolls of identify.
  5892 | D:5      | 5892 ||| IDENTIFYING fizzy white potion
  5893 | D:5      | 5893 ||| READING 2 scrolls of identify.
  5893 | D:5      | 5893 ||| IDENTIFYING purple potion
  5894 | D:5      | 5894 ||| DROPPING potion of degeneration.
  6074 | D:6      | Reached skill level 3 in Invocations
  6079 | D:6      | 6079 ||| READING scroll labelled RIQEDA ZYQYCIERRIDGH.
  6154 | D:6      | 6154 ||| INVOKING Heroism.
  6155 | D:6      | 6155 ||| Stepping ~*~*~tactically~*~*~ (outnumbered).
  6451 | D:6      | Reached ** piety under Okawaru
  6455 | D:6      | 6455 ||| UPGRADING to +0 pair of gloves.
  6460 | D:6      | 6460 ||| UPGRADING to +0 pair of boots.
  6460 | D:6      | HP: 13/57 [centaur/arrow (8)]
  6463 | D:6      | HP: 5/57 [centaur/arrow (9)]
  6464 | D:6      | Shot with an arrow by a centaur

Levels and vault maps discovered:
D:1:      spicycebolla_arrival_ecumenical, layout_loops_corners, serial_shops,
          nicolae_shop_trees, chequers_serial_rivers_micro_d
D:2:      layout_basic
D:3:      minmay_goblin_kobold_castle, layout_basic
D:4:      layout_basic, general_overflow_altar,
          minmay_temple_entry_enclosed_plants, hangedman_decor_points,
          minmay_tree_intersection
D:5:      minmay_angry_zag, layout_basic, uniq_prince_ribbit1, uniq_duvessa
D:6:      layout_basic, centaur_isle
Temple:   bh_familiar_temple

Skill      XL: |  1  2  3  4  5  6  7  8  9 |
---------------+----------------------------+-----
Ranged Weapons | 5 6 7 8 9 10 | 10.3
Fighting       | 3 4 5 6 7 |  7.0
Dodging        | 2 |  2.3
Armour         | 2 |  2.0
Invocations    | 2 4 |  4.1
Stealth        | |  1.1

Action                     |  1- 3 |  4- 6 |  7- 9 || total
---------------------------+-------+-------+-------++-------
   Fire: Shortbow          |    60 |       |       ||    60
         Longbow           |    29 |    98 |   194 ||   321
 Invoke: Heroism           |       |       |     3 ||     3
    Use: Scroll            |     5 |     1 |     9 ||    15
         Potion            |       |       |     3 ||     3
 Armour: Leather armour    |    24 |    56 |    54 ||   134
         Ring mail         |       |       |    66 ||    66
  Dodge: Dodged            |    37 |    51 |    92 ||   180
  Block: Other             |       |       |     5 ||     5
         Reflection        |       |       |     2 ||     2

Table legend:
 A = Non-vault XP
 B = Vault XP
 C = Vault XP percentage of total XP
 D = Non-vault monster count
 E = Vault monster count
 F = Vault count percentage of total count
                 A         B        C        D         E       F
            +---------+---------+-------+---------+---------+-------
      Total |    1848 |    1458 |  44.1 |      99 |      63 |  38.9
            +---------+---------+-------+---------+---------+-------
        D:1 |      27 |       0 |   0.0 |      14 |       0 |   0.0
        D:2 |      59 |       0 |   0.0 |      19 |       0 |   0.0
        D:3 |     229 |     560 |  71.0 |      21 |      52 |  71.2
        D:4 |     261 |       0 |   0.0 |      15 |       0 |   0.0
        D:5 |     464 |     674 |  59.2 |      12 |       9 |  42.9
        D:6 |     808 |     224 |  21.7 |      18 |       2 |  10.0
            +---------+---------+-------+---------+---------+-------
